cohdb
Replays
Latest Replays
All Replays
Popular Replays
Top Player Replays
Match Explorer
How It Works
Community
CoH3 Stats
Reddit
Sign in to upload your games and track your stats! →
Sign in with Steam
Match 45824745
Unlisted
Match 45824745
Overview
Messages
Build Orders
End
Vickers Machine Gun Team
Construct Section Command Post
Infantry Section
Vickers Machine Gun Team
Royal Engineer Section
Infantry Section
Selects Indian Artillery Battlegroup
Selects Towed ML 4.2-inch Heavy Mortar
Towed ML 4.2-inch Heavy Mortar
Construct Platoon Command Post
Humber Armored Car
Selects Off-map Airburst Barrage
6-pounder Anti-tank Gun Team
Selects Valour
Selects Gurkha Rifles Section
Off-map Airburst Barrage
Infantry Section
Construct Company Command Post
AI Takeover
kkamilm
maahowl
El Marino Loko
Prometheus
BlackHorstDown
Gremlin
0
0
Comments
sign in to comment!
No comments posted yet!